 Adventure DCSS version bcrawl-1.27.3 (webtiles) character file.

Game seed: 1068693191552224079

317523 galech the Cleaver (level 12, 98/98 HPs)
             Began as a Demonspawn Fighter on Aug 6, 2020.
             Was a High Priest of Okawaru.
             Quit the game on level 1 of the Depths.
             The game lasted 00:30:10 (19283 turns).

galech the Cleaver (Demonspawn Fighter)            Turns: 19283, Time: 00:30:11

Health: 98/98      AC: 25    Str: 25    XL:     12   Next: 92%
Magic:  16/16      EV:  6    Int: 15    God:    Okawaru [*****.]
Gold:   1254       SH: 12    Dex: 12    Spells: 11/11 levels left
                                        Lives:  0   Deaths: 2

rFire    + . .     SeeInvis .   Y - +7 war axe of the Toadstool {chop, rPois rF+ Int+6}
rCold    . . .     Gourm    .   c - +0 medium shield
rNeg     + + .     Faith    .   K - +0 plate armour
rPois    +         Spirit   +   (helmet unavailable)
rElec    .         Reflect  .   l - +0 cloak {MR+}
rCorr    .         Harm     .   W - +2 pair of gloves {archery}
MR       +....                  x - +0 pair of boots
Stlth    ..........             u - amulet of guardian spirit
HPRegen  0.26/turn              g - ring of Usedisusig {*Slow +Fly rN+ Str+4}
MPRegen  0.15/turn              L - ring of positive energy

@: no status effects
A: horns 3, iridescent scales 2, clumsy 1, nightstalker 1
a: Heroism, Finesse, Renounce Religion, Evoke Flight


You were on level 1 of the Depths.
You worshipped Okawaru.
Okawaru was extremely pleased with you.
You were not hungry.

You visited 5 branches of the dungeon, and saw 16 of its levels.
You visited the Abyss 1 time.
You also visited: Bailey.

You collected 1493 gold pieces.
You spent 239 gold pieces at shops.

Inventory:

Hand Weapons
 Y - the +7 war axe of the Toadstool (weapon) {chop, rPois rF+ Int+6}
   (Okawaru gifted it to you in the Orcish Mines)

   It will always inflict at least some extra damage.
   This minimum extra damage increases with your current reserve of magical
   power.
   It affects your intelligence (+6).
   It protects you from fire.
   It protects you from poison.
Armour
 c - a +0 medium shield (worn)
 l - a +0 cloak of magic resistance (worn)
 v - a +1 leather armour of fire resistance
 x - a +0 pair of boots (worn)
 K - a +0 plate armour (worn)
 M - a scarf of clouds
 W - a +2 pair of gloves of archery (worn)
Jewellery
 a - a +1 ring of protection
 g - the ring of Usedisusig (left hand) {*Slow +Fly rN+ Str+4}
   (You found it on level 1 of the Dungeon)

   [ring of flight]

   It affects your strength (+4).
   It protects you from negative energy.
   It lets you fly.
   It may slow you when you take damage.
 h - an uncursed amulet of the acrobat
 q - an uncursed amulet of magic regeneration
 u - an amulet of guardian spirit (around neck)
 y - an uncursed amulet of regeneration {unknown}
 L - a ring of positive energy (right hand)
Wands
 G - a wand of digging (3)
Scrolls
 f - 3 scrolls of enchant armour
 j - 2 scrolls of immolation
 n - a scroll of fear {unknown}
 o - 2 scrolls of vulnerability {unknown}
 p - 4 scrolls of amnesia
 r - 12 scrolls of teleportation
 t - 11 scrolls of remove curse
 D - 2 scrolls of fog {unknown}
 I - a scroll of torment {unknown}
 P - 2 scrolls of acquirement {unknown}
 T - 2 scrolls of noise {unknown}
 V - a scroll of magic mapping
 X - a scroll of silence
 Z - a scroll of enchant weapon
Potions
 b - 2 potions of flight
 d - 3 potions of might
 i - a potion of curing
 k - 4 potions of agility
 m - a potion of invisibility
 s - a potion of magic
 w - 2 potions of heal wounds
 z - a potion of cancellation {unknown}
 E - a potion of brilliance {unknown}
 H - 2 potions of lignification {unknown}
 S - a potion of resistance
 U - a potion of ambrosia {unknown}
Miscellaneous
 N - a phial of floods
 O - a sack of spiders
 Q - a phantom mirror
Comestibles
 e - 24 rations {!d}


   Skills:
 + Level 10.4 Fighting
 + Level 14.7 Axes
 + Level 10.5 Armour
 + Level 4.3 Dodging
 + Level 2.5 Stealth
 + Level 9.9 Shields
 + Level 5.6 Invocations


You had 11 spell levels left.
You didn't know any spells.
Your spell library was empty.

Dungeon Overview and Level Annotations

Branches:
Dungeon (12/12)            Temple (1/1) D:5            Lair (1/6) D:9
    Orc (1/1) D:8             Elf (0/3) Orc          Vaults (0/3) D:12
 Depths (1/5) D:12

Altars:
Ashenzari
Cheibriados
Dithmenos
Elyvilon
Fedhas
Gozag
Hepliaklqana
Kikubaaqudgha
Lugonu
Makhleb
Nemelex Xobeh
Okawaru
Qazlal
Ru
Trog
Uskayaw
Wu Jian
Xom
Yredelemnul
The Shining One
Beogh

Shops:
D:4 %   D:6 **   D:8 %   Orc !?(=

Annotations:
D:8 3 runed translucent doors, dscm's ghost, novice OpAc


Innate Abilities, Weirdness & Mutations

You have a pair of large horns on your head.
You are mostly covered in iridescent scales. (AC +4)
You are slightly more attuned to the shadows.
You are clumsy. (Dex -2)


Message History

The deep troll claws you but does no damage.
You feel much better.
The deep troll bites you but does no damage.
You block the deep troll's attack. x2
You block the deep troll earth mage's attack.
The deep troll earth mage claws you.
* * * LOW HITPOINT WARNING * * *
The deep troll earth mage closely misses you.
The deep troll bites you!
* * * LOW HITPOINT WARNING * * *
The deep troll claws you!
* * * LOW HITPOINT WARNING * * *
The deep troll claws you!
You die...
The deep troll bites you! The deep troll claws you.
The deep troll claws you but does no damage.
Xom reaches out...
You are now level 12!
You rejoin the land of the living...
Are you sure you want to abandon this character and quit the game? (Confirm with "yes".)

#.. #.#
#.# #.##
######..
.......#
#@#
#.......
####.###
#


There were no monsters in sight!

Vanquished Creatures
  A tentacled starspawn (Abyss:1)
  2 orc warlords
  A very ugly thing (D:10)
  2 yaktaur captains
  Erolcha (D:10)
  2 rakshasas (D:12)
  3 centaur warriors
  7 two-headed ogres
  A deep troll shaman (Depths:1)
  4 orc high priests (Orc)
  A deep troll earth mage (Depths:1)
  A thrashing horror (Abyss:1)
  A flayed ghost (D:9)
  A glowing orange brain (D:12)
  A deep elf archer (D:9)
  An unseen horror (Abyss:1)
  2 cyclopes
  A wolf spider zombie (D:12)
  6 orc knights
  An ugly thing (D:8)
  6 orc sorcerers (Orc)
  A manticore (D:11)
  An apocalypse crab (Abyss:1)
  A black mamba (shapeshifter) (D:12)
  2 smoke demons (Abyss:1)
  An orange demon (Abyss:1)
  A rime drake (Lair:1)
  A freezing wraith (D:12)
  A kobold demonologist (D:7)
  2 yaktaurs (D:12)
  An ancient zyme (Abyss:1)
  6 trolls
  A tengu conjurer (D:12)
  A jumping spider (shapeshifter) (D:12)
  A hornet (D:8)
  A polar bear (shapeshifter) (D:12)
  Prince Ribbit (D:6)
  15 slime creatures
  A large abomination (Abyss:1)
  2 hippogriffs
  4 starcursed masses (Abyss:1)
  A spriggan (shapeshifter) (D:12)
  A spriggan (D:7)
  A shadow (D:11)
  A vampire (D:9)
  2 wyverns
  A wraith (D:12)
  A basilisk (D:12)
  7 yaks
  4 vampire mosquitoes
  A hungry ghost (D:9)
  2 water moccasins (D:9)
  2 hell hounds (Abyss:1)
  6 wargs
  A crocodile (Lair:1)
  49 orc warriors
  An ice beast (D:7)
  3 sky beasts
  13 ogres
  4 centaurs
  2 big kobolds
  4 bullfrogs
  A wyvern zombie (D:4)
  3 scorpions
  10 howler monkeys
  4 centaur zombies
  6 crimson imps
  2 bullfrog zombies (D:8)
  A quasit (D:7)
  4 hounds
  A gnoll shaman (D:10)
  30 orc priests
  2 bullfrog skeletons (D:5)
  3 jellies
  23 orc wizards
  A centaur skeleton (D:6)
  5 iguanas
  Ijyb (D:5)
  8 worker ants
  A hound zombie (D:6)
  A howler monkey zombie (D:5)
  2 worker ant zombies
  21 gnolls
  A howler monkey skeleton (D:5)
  14 adders
  3 shadow imps
  An ufetubus (Abyss:1)
  An ooze (D:6)
  An adder skeleton (D:6)
  3 worms
  4 dart slugs
  3 leopard geckos (D:1)
  94 orcs
  A ball python (D:1)
  5 bats
  2 giant cockroaches (D:1)
  20 hobgoblins
  3 jackals (D:5)
  3 quokkas
  6 frilled lizards
  24 goblins
  22 kobolds
  6 rats
545 creatures vanquished.

Vanquished Creatures (others)
  An orc wizard (D:3)
  2 starspawn tentacles (Abyss:1)
3 creatures vanquished.

Grand Total: 548 creatures vanquished

Notes
Turn   | Place    | Note
-------+----------+-------------------------------------------
     0 | D:1      | galech the Demonspawn Fighter began the quest for the Orb.
     0 | D:1      | Reached XP level 1. HP: 18/18 MP: 1/1
    75 | D:1      | Got a glittering bone ring
    76 | D:1      | Identified the ring of Usedisusig {*Slow +Fly rN+ Str+4}
                  | (You found it on level 1 of the Dungeon)
   191 | D:1      | Reached skill level 2 in Axes
   225 | D:1      | Gained mutation: You have a pair of small horns on your
                  | head. [demonic ancestry]
   225 | D:1      | Reached XP level 2. HP: 24/24 MP: 2/2
   769 | D:2      | Reached XP level 3. HP: 29/29 MP: 3/3
   960 | D:2      | Found a burning altar of Makhleb.
   974 | D:2      | Gained mutation: You have a pair of horns on your head.
                  | [demonic ancestry]
   974 | D:2      | Reached XP level 4. HP: 19/35 MP: 4/4
  1381 | D:2      | Found an ancient bone altar of Kikubaaqudgha.
  1573 | D:3      | Noticed an orc warrior
  1577 | D:3      | Killed an orc warrior
  1577 | D:3      | Reached skill level 3 in Axes
  1577 | D:3      | Reached skill level 1 in Dodging
  1577 | D:3      | Gained mutation: You are partially covered in iridescent
                  | scales. (AC +2) [demonic ancestry]
  1577 | D:3      | Reached XP level 5. HP: 41/41 MP: 5/5
  1681 | D:3      | Reached XP level 6. HP: 13/47 MP: 2/6
  2142 | D:3      | Found a basalt altar of Yredelemnul.
  2731 | D:4      | Reached XP level 7. HP: 48/53 MP: 5/7
  2815 | D:4      | Found a shimmering altar of Xom.
  2815 | D:4      | Found a white marble altar of Elyvilon.
  2815 | D:4      | Found a corrupted altar of Lugonu.
  2815 | D:4      | Found a glowing golden altar of the Shining One.
  2824 | D:4      | Found an ornate altar of the Wu Jian Council.
  2824 | D:4      | Found a shattered altar of Ashenzari.
  3063 | D:4      | Found a blossoming altar of Fedhas.
  3092 | D:4      | Reached skill level 4 in Axes
  3135 | D:4      | Found Qeffikeg's Food Boutique.
  3427 | D:5      | Entered Level 5 of the Dungeon
  3461 | D:5      | Reached skill level 5 in Armour
  3570 | D:5      | Reached skill level 5 in Axes
  3769 | D:5      | Reached XP level 8. HP: 58/60 MP: 6/8
  4072 | D:5      | Reached skill level 1 in Stealth
  4113 | D:5      | Found a staircase to the Ecumenical Temple.
  4122 | D:5      | Noticed Ijyb
  4126 | Temple   | Entered the Ecumenical Temple
  4137 | Temple   | Became a worshipper of Warmaster Okawaru
  4156 | D:5      | Killed Ijyb
  4645 | D:6      | Found a shattered altar of Ashenzari.
  4700 | D:6      | Reached skill level 6 in Axes
  4700 | D:6      | Reached skill level 5 in Shields
  4855 | D:6      | Reached * piety under Okawaru
  4864 | D:6      | Found a hide-covered altar of Uskayaw.
  4866 | D:6      | Found a snail-covered altar of Cheibriados.
  4903 | D:6      | Noticed a two-headed ogre
  4915 | D:6      | Killed a two-headed ogre
  4915 | D:6      | Reached skill level 5 in Fighting
  4915 | D:6      | Reached XP level 9. HP: 53/68 MP: 6/9
  4956 | D:6      | Found Gozag's Platinum Reserve.
  4956 | D:6      | Found an opulent altar of Gozag.
  5052 | D:6      | Noticed Prince Ribbit
  5148 | D:6      | Reached skill level 7 in Axes
  5345 | D:6      | Found Danan's Assorted Antiques.
  5362 | D:6      | Reached ** piety under Okawaru
  5506 | D:6      | Killed Prince Ribbit
  5695 | D:7      | Noticed a kobold demonologist
  5696 | D:7      | Noticed a red devil
  5729 | D:7      | Killed a kobold demonologist
  5729 | D:7      | Reached skill level 8 in Axes
  5940 | D:7      | Gained mutation: You are mostly covered in iridescent
                  | scales. (AC +4) [demonic ancestry]
  5940 | D:7      | Reached XP level 10. HP: 31/76 MP: 1/10
  6453 | D:8      | Found Hickoas's Food Shop.
  6456 | D:8      | Noticed a green ugly thing
  6463 | D:8      | Killed a green ugly thing
  6463 | D:8      | Reached *** piety under Okawaru
  6463 | D:8      | Reached skill level 1 in Invocations
  6468 | D:8      | Reached skill level 9 in Axes
  6701 | D:8      | Reached skill level 10 in Axes
  6702 | D:8      | Reached **** piety under Okawaru
  6862 | D:8      | Gained mutation: You are clumsy. (Dex -2) [potion of
                  | mutation]
  6862 | D:8      | Gained mutation: You have a pair of large horns on your
                  | head. [potion of mutation]
  6862 | D:8      | HP: 3/77 [poisoned by a scorpion]
  6863 | D:8      | HP: 1/77 [poisoned by a scorpion]
  7182 | D:8      | Found a runed translucent gate.
  7182 | D:8      | Found a runed translucent gate.
  7183 | D:8      | Found a runed translucent gate.
  7183 | D:8      | Noticed dscm's ghost (novice OpAc)
  7292 | D:8      | Found a staircase to the Orcish Mines.
  7322 | D:8      | Found a bloodstained altar of Trog.
  8628 | D:9      | Found a shadowy altar of Dithmenos.
  8637 | D:9      | Found a staircase to the Lair.
  8643 | D:9      | Reached XP level 11. HP: 51/83 MP: 6/11
  9251 | D:9      | Noticed a centaur warrior
  9251 | D:9      | Noticed a centaur warrior
  9251 | D:9      | Noticed a centaur warrior
  9251 | D:9      | Noticed a deep elf archer
  9287 | D:9      | Killed a centaur warrior
  9553 | D:8      | Killed a centaur warrior
  9560 | D:8      | Killed a centaur warrior
  9617 | D:9      | Killed a deep elf archer
  9730 | D:9      | Noticed a flayed ghost
  9730 | D:9      | Noticed a yaktaur captain
  9839 | D:9      | Killed a yaktaur captain
  9839 | D:9      | Reached ***** piety under Okawaru
  9839 | D:9      | Reached skill level 11 in Axes
  9843 | D:9      | Killed a flayed ghost
  9944 | D:9      | Got an ancient morningstar
  9949 | D:9      | Identified the +3 morningstar "Ykka" {vamp, *Corrode Dex+4
                  | SInv} (You found it on level 9 of the Dungeon)
  9986 | D:10     | Entered Level 10 of the Dungeon
 10067 | D:10     | Found a flagged portal.
 10073 | Bailey   | Entered a bailey
 10274 | Bailey   | Received a gift from Okawaru
 10669 | Bailey   | Identified the +1 triple crossbow of the Brain {flame,
                  | +Fly}
 10731 | Bailey   | Identified the cursed +1 fustibalus "Diotedacs" {velocity,
                  | rPois}
 10768 | Bailey   | Noticed an orc knight
 10778 | Bailey   | Noticed an orc warlord
 10798 | Bailey   | Killed an orc knight
 10821 | Bailey   | Killed an orc warlord
 11076 | Bailey   | Noticed an orc knight
 11094 | Bailey   | Killed an orc knight
 11096 | Bailey   | Gained mutation: You are slightly more attuned to the
                  | shadows. [demonic ancestry]
 11096 | Bailey   | Reached XP level 12. HP: 43/92 MP: 7/14
 11487 | D:10     | Noticed Erolcha
 11490 | D:10     | Cast into level 1 of the Abyss (Erolcha)
 11672 | Abyss:1  | Reached skill level 12 in Axes
 11679 | Abyss:1  | Noticed a tentacled starspawn
 11691 | Abyss:1  | Killed a tentacled starspawn
 11765 | Abyss:1  | Slain by a sun demon
 11766 | Abyss:1  | Reached XP level 11. HP: -3/86 MP: 0/13
 11860 | Abyss:1  | Noticed a thrashing horror
 11870 | Abyss:1  | Killed a thrashing horror
 11911 | Abyss:1  | Noticed a starcursed mass
 11929 | Abyss:1  | Killed a starcursed mass
 11929 | Abyss:1  | Killed a starcursed mass
 11931 | Abyss:1  | Killed a starcursed mass
 11931 | Abyss:1  | Killed a starcursed mass
 11933 | D:10     | Escaped the Abyss
 11946 | D:10     | Killed Erolcha
 11956 | D:10     | Noticed a two-headed ogre
 12063 | D:10     | Killed a two-headed ogre
 12148 | D:10     | Noticed a cyan very ugly thing
 12494 | D:10     | Killed a cyan very ugly thing
 12494 | D:10     | Received a gift from Okawaru
 12808 | D:10     | Reached XP level 12. HP: 77/94 MP: 10/15
 13097 | D:11     | Noticed a two-headed ogre
 13106 | D:11     | Killed a two-headed ogre
 13650 | D:12     | Entered Level 12 of the Dungeon
 13663 | D:12     | Reached skill level 13 in Axes
 14489 | D:12     | Noticed a rakshasa
 14506 | D:12     | Killed a rakshasa
 14535 | D:12     | Noticed a rakshasa
 14550 | D:12     | Killed a rakshasa
 14587 | D:12     | Reached skill level 5 in Invocations
 14829 | D:12     | Noticed a yaktaur captain
 14848 | D:12     | Killed a yaktaur captain
 14862 | D:12     | Found a gate to the Vaults.
 14973 | D:12     | Received a gift from Okawaru
 15069 | D:12     | Reached XP level 13. HP: 48/101 MP: 11/16
 15433 | D:12     | Found a staircase to the Depths.
 15628 | Orc      | Entered the Orcish Mines
 15667 | Orc      | Reached skill level 10 in Armour
 16441 | Orc      | Reached skill level 14 in Axes
 16636 | Orc      | Found a roughly hewn altar of Beogh.
 16964 | Orc      | Paralysed by an orc sorcerer for 2 turns
 17092 | Orc      | Found Jumu's Jewellery Boutique.
 17283 | Orc      | Found Zeseaso's Antique Weapon Shop.
 17292 | Orc      | Reached skill level 10 in Fighting
 17340 | Orc      | Received a gift from Okawaru
 17346 | Orc      | Got a smouldering war axe {god gift}
 17351 | Orc      | Identified the +7 war axe of the Toadstool {chop, rPois rF+
                  | Int+6} (Okawaru gifted it to you in the Orcish Mines)
 17653 | Orc      | Got a masterwork ring mail
 17664 | Orc      | Identified the +2 ring mail of Soamalikhla {rPois Int+2}
                  | (You found it in the Orcish Mines)
 17895 | Orc      | Noticed an orc warlord
 17929 | Orc      | Killed an orc warlord
 17993 | Orc      | Found Pewad's Magic Scroll Boutique.
 18019 | Orc      | Bought a scroll of enchant armour for 90 gold pieces
 18019 | Orc      | Bought a scroll of identify for 24 gold pieces
 18019 | Orc      | Bought a scroll of teleportation for 36 gold pieces
 18019 | Orc      | Bought a scroll of identify for 24 gold pieces
 18046 | Orc      | Found a roughly hewn altar of Beogh.
 18078 | Orc      | Found Taitaikho's Distillery.
 18148 | Orc      | Bought a potion of heal wounds for 65 gold pieces
 18328 | Orc      | Found a staircase to the Elven Halls.
 18790 | Lair:1   | Entered Level 1 of the Lair of Beasts
 18984 | Lair:1   | Received a gift from Okawaru
 19268 | Depths:1 | Entered Level 1 of the Depths
 19281 | Depths:1 | HP: 3/104 [deep troll (6)]
 19282 | Depths:1 | Slain by a deep troll
 19283 | Depths:1 | Reached XP level 12. HP: -4/98 MP: 0/16
 19283 | Depths:1 | Quit the game

Skill      XL: |  1  2  3  4  5  6  7  8  9 10 11 12 13 |
---------------+----------------------------------------+-----
Armour         | 3 4 5 6 7 9 10 | 10.5
Axes           | 2 3 5 6 8 10 11 13 14 | 14.7
Shields        | 3 4 5 6 8 9 |  9.9
Dodging        | 1 2 3 4 |  4.3
Fighting       | 4 5 6 7 9 10 | 10.4
Stealth        | 1 2 |  2.5
Invocations    | 1 4 5 |  5.6

Action                   |  1- 3 |  4- 6 |  7- 9 | 10-12 | 13-15 || total
-------------------------+-------+-------+-------+-------+-------++-------
Melee: War axe           |    93 |   129 |   282 |   906 |   416 ||  1826
       Headbutt          |     5 |    27 |    70 |   217 |    86 ||   405
Invok: Heroism           |       |       |     5 |    36 |    12 ||    53
       Finesse           |       |       |       |     4 |     2 ||     6
  Use: Potion            |       |     4 |     3 |    11 |     1 ||    19
       Scroll            |       |     2 |     2 |     7 |     2 ||    13
 Stab: Invisible         |       |       |       |     8 |       ||     8
  Eat: Chunk             |     3 |    13 |    20 |    43 |    19 ||    98
       Ration            |       |       |       |     3 |     1 ||     4
Armor: Scale mail        |    49 |   102 |    42 |       |       ||   193
       Chain mail        |       |       |    85 |   117 |       ||   202
       Plate armour      |       |       |       |   293 |   145 ||   438
Dodge: Dodged            |    27 |    44 |    79 |   191 |    84 ||   425
Block: Medium shield     |    60 |   107 |   168 |   481 |   193 ||  1009
